 Dungeon Crawl Stone Soup version 0.27.0-1-g7a089689b8 (webtiles) character file.

Game seed: 3909818893375575440

85 Spaninq the Insei (level 4, 0/33 HPs)
             Began as a Vampire Transmuter on Aug 12, 2021.
             Succumbed to a goblin's poison
             ... on level 2 of the Dungeon.
             The game lasted 00:04:44 (2363 turns).

Spaninq the Insei (Vampire Transmuter)              Turns: 2363, Time: 00:04:45

Health: 0/33       AC:  2    Str: 10    XL:     4   Next: 25%
Magic:  4/7        EV: 12    Int: 15    God:
Gold:   102        SH:  0    Dex: 14    Spells: 4/7 levels left

rFire    . . .     SeeInvis +     - Unarmed
rCold    . . .     Faith    .   (no shield)
rNeg     . . .     Spirit   .   a - +0 robe
rPois    .         Reflect  .   (helmet currently unavailable)
rElec    .         Harm     .   (no cloak)
rCorr    .         Rampage  .   (no gloves)
Will     .....                  (boots currently unavailable)
Stlth    +.........             (no amulet)
HPRegen  0.31/turn              (no ring)
MPRegen  0.10/turn              (no ring)

@: lethally poisoned (0 -> -7), appendages, wereblooded, flying, healing quickly
A: horns 2, talons 2, alive, fangs 3, see invisible, vampiric 2
a: Exsanguinate, End Transformation


You were on level 2 of the Dungeon.
You had temporarily grown beastly horns and talons.
You visited 1 branch of the dungeon, and saw 3 of its levels.

You collected 102 gold pieces.

Inventory:

Armour
 a - a +0 robe (worn)
 e - a +0 buckler
Scrolls
 b - a scroll of enchant weapon {unknown}
 d - a scroll of identify {unknown}
 f - a scroll of fear {unknown}
 j - a scroll of noise {unknown}
Potions
 c - a potion of flight
 g - a potion of lignification {unknown}
 h - a potion of invisibility {unknown}
 i - a potion of curing {unknown}


   Skills:
 + Level 1.7 Fighting
 + Level 2.8 Dodging
 * Level 1.6 Shields
 * Level 4.2 Unarmed Combat
 - Level 2.0 Spellcasting
 - Level 2.1 Transmutations


You had 4 spell levels left.
You knew the following spells:

 Your Spells              Type           Power      Damage    Failure   Level
a - Beastly Appendage     Tmut           16%        N/A       9%          1
b - Wereblood             Tmut           8%         N/A       14%         2

Your spell library contained the following spells:

 Spells                   Type           Power      Damage    Failure   Level
 Spider Form              Tmut/Pois      2%         N/A       38%         3
 Ice Form                 Ice/Tmut       4%         N/A       80%         4


Dungeon Overview and Level Annotations

Branches:
Dungeon (3/15)

Altars:

Annotations:
D:3 Robin


Innate Abilities, Weirdness & Mutations

You have temporarily grown beastly horns and talons.
Your natural rate of healing is accelerated.
You have razor-sharp teeth.
You have supernaturally acute eyesight. (SInv)
You are afflicted with vampirism and can become a bat while bloodless.


Message History

You howl as the wereblood boils in your veins!
You start resting.
You howl as the wereblood boils in your veins!
Your primal bloodlust is almost over.
You start resting.
You howl as the wereblood boils in your veins!
You start resting.
Your primal bloodlust has ended.
You start resting.
Magic restored.
You start waiting.
Done waiting.
Casting: Wereblood (safe; 14% risk of failure)
Confirm with . or Enter, or press ? or * to list all spells.
You grow a pair of large bovine horns.
Your feet morph into talons.
Casting: Beastly Appendage (safe; 9% risk of failure)
Confirm with . or Enter, or press ? or * to list all spells.
Your blood is infused with primal strength.
You climb downwards.
Level annotation: Robin The goblin barely misses you.
The goblin hits you with a +0 club.
The goblin shoots a stone.
The stone barely misses you. The goblin misses you.
Robin roars a battlecry!
The goblins go into a battle-frenzy!
The goblin hits you with a +2 dagger of venom!
You are poisoned.
The goblin hits you with a +0 club.
There is a stone staircase leading up, spattered with blood here.
You feel very sick. The goblin hits you with a +0 dagger.
Robin throws the goblin at you!
The goblin hits you with a +2 dagger of venom.
* * * LOW HITPOINT WARNING * * *
The goblin closely misses you.
You climb upwards.
* * * LOW HITPOINT WARNING * * *
You feel very sick.
There is a stone staircase leading down here.
It was a potion of flight.
You feel very buoyant.
You fly up into the air.
You die...

#.# #.#.###.# #.# #.#..##.##
#.# #.##..#..#### #.##
##########.###.##....# #..##
#..........# #.#####.#
....####..........###.......#
##.....................######
##.#.#.........)..####.##
.....###.......)@g......#
...### #........gg####.###
#..# #..<.......####...##
#[.# #^.................#
##.#####........(..########
...................#
......###.#....#.###
......###...####.#
.............###†####


You could see 3 goblins.

Vanquished Creatures
  2 adders (D:2)
  A worm (D:2)
  3 dart slugs
  4 ball pythons
  2 bats
  6 endoplasms
  3 giant cockroaches
  6 goblins
  4 hobgoblins
  7 jackals
  5 quokkas
  A frilled lizard (D:2)
  A kobold (D:2)
  4 rats
49 creatures vanquished.

Notes
Turn   | Place    | Note
-------+----------+-------------------------------------------
     0 | D:1      | Spaninq the Vampire Transmuter began the quest for the Orb.
     0 | D:1      | Reached XP level 1. HP: 14/14 MP: 3/3
    38 | D:1      | Reached skill level 1 in Fighting
   237 | D:1      | Reached XP level 2. HP: 14/21 MP: 5/5
   262 | D:1      | Learned a level 2 spell: Wereblood
  1220 | D:2      | Gained mutation: You are afflicted with vampirism and can
                  | become a bat while bloodless. [Vampire growth]
  1220 | D:2      | Reached XP level 3. HP: 26/26 MP: 2/6
  1275 | D:2      | Reached skill level 1 in Shields
  1324 | D:2      | Reached skill level 4 in Unarmed Combat
  1655 | D:2      | Reached XP level 4. HP: 29/32 MP: 5/7
  1975 | D:3      | Identified the +2 helmet of Paesiesh {rCorr Dex+4}
  1975 | D:3      | Noticed Robin
  2363 | D:2      | Succumbed to a goblin's poison

Illustrated notes

Levels and vault maps discovered:
D:1:      onia_arrival_mini_spirals, layout_basic, serial_forest,
          infiniplex_forest_lined_2, infiniplex_forest_lined_ring,
          infiniplex_forest_straight_4, infiniplex_forest_clump_medium,
          infiniplex_forest_clump_small, infiniplex_forest_clump_small,
          infiniplex_forest_clump_tiny, minmay_pentomino_z4
D:2:      layout_rooms, minivault_19
D:3:      kennysheep_slugbush, layout_basic, lemuel_crystal_altar,
          hellmonk_ecumenical_altar_crossroads, skrybe_limestone_x,
          chequers_serial_rivers_large_a, kennysheep_generic_room_4, uniq_robin

Skill      XL: |  1  2  3 |
---------------+----------+-----
Fighting       | 1 |  1.7
Shields        | 1 |  1.6
Unarmed Combat | 4 |  4.2
Dodging        | |  2.8
Spellcasting   | |  2.0
Transmutations | |  2.1

Action                   |  1- 3 |  4- 6 || total
-------------------------+-------+-------++-------
Melee: Unarmed           |    98 |    25 ||   123
       Headbutt          |    15 |       ||    15
       Kick              |    14 |     3 ||    17
       Bite              |     6 |     1 ||     7
 Cast: Beastly Appendage |    20 |     7 ||    27
       Wereblood         |     2 |     5 ||     7
  Use: Potion            |       |     1 ||     1
Armor: Robe              |    25 |     4 ||    29
Dodge: Dodged            |    78 |    17 ||    95
